 Dungeon Crawl Stone Soup version 0.30-a0-591-g3c58d2bc28 (webtiles) character file.

Game seed: 5551728716804388472

668 spardeous the Nimble (level 7, -1/27 HPs)
             Began as a Felid Earth Elementalist on Jan 6, 2023.
             Succumbed to Edmund's poison
             ... on level 5 of the Dungeon.
             The game lasted 00:08:47 (5047 turns).

spardeous the Nimble (Felid Earth Elementalist)     Turns: 5047, Time: 00:08:48

Health: -1/27      AC:  2    Str:  9    XL:     7   Next: 32%
Magic:  18/20      EV: 22    Int: 18    God:
Gold:   253        SH:  0    Dex: 17    Spells: 2/10 levels left
                                        Lives:  0   Deaths: 2

rFire   . . .      SeeInvis +    (weapon unavailable)
rCold   . . .      Faith    .    (shield unavailable)
rNeg    . . .      Spirit   .    (body armour unavailable)
rPois   .          Reflect  .    (helmet unavailable)
rElec   .          Harm     .    (cloak unavailable)
rCorr   .          Rampage  .    (gloves unavailable)
Will    +....                    (boots unavailable)
Stlth   ++                       l - amulet of regeneration
HPRegen 1.04/turn                w - ring of Zehi {MP+9 Str+5}
MPRegen 0.17/turn                (no ring)

@: lethally poisoned (-1 -> -8), invisible, quick
A: very small, claws 1, fangs 3, see invisible, speed 1, shaggy fur 2, stealthy
paws, no weapons or thrown items, no armour, multi-lived
a: no special abilities


You were on level 5 of the Dungeon.
You visited 1 branch of the dungeon, and saw 5 of its levels.
You also visited: Sewer.

You collected 253 gold pieces.

Inventory:

Jewellery
 l - an amulet of regeneration (around neck)
 p - an amulet of reflection
 v - a ring of ice
 w - the ring of Zehi (left paw) {MP+9 Str+5}
   (You found it on level 4 of the Dungeon)

   [ring of magical power]

   Str:       It affects your strength (+5).
   MP:        It affects your magic capacity (+9).
Wands
 n - a wand of polymorph (5)
 u - a wand of charming (11)
Scrolls
 b - a scroll of vulnerability {unknown}
 c - a scroll of fear {unknown}
 e - 2 scrolls of magic mapping {unknown}
 f - a scroll of noise {unknown}
 g - a scroll of silence {unknown}
 k - a scroll of enchant weapon {unknown}
 r - 2 scrolls of acquirement {unknown}
 t - a scroll of immolation {unknown}
 y - a scroll of amnesia {unknown}
Potions
 a - a potion of magic
 d - 5 potions of curing {unknown}
 h - 3 potions of lignification {unknown}
 i - a potion of ambrosia
 m - a potion of resistance {unknown}
 o - 2 potions of mutation {unknown}
 q - a potion of might
 s - a potion of cancellation
 x - a potion of haste
 z - a potion of brilliance


   Skills:
 + Level 8.3 Dodging
 - Level 2.6 Stealth
 - Level 2.0 Spellcasting
 - Level 1.1 Transmutations
 + Level 7.8 Earth Magic


You had 2 spell levels left.
You knew the following spells:

 Your Spells              Type           Power      Damage    Failure   Level
a - Sandblast             Erth           60%        2d14      1%          1
b - Stone Arrow           Conj/Erth      30%        3d8       11%         3
c - Petrify               Tmut/Erth      17%        N/A       28%         4

Your spell library contained the following spells:

 Spells                   Type           Power      Damage    Failure   Level
 Passwall                 Tmut/Erth      14%        N/A       4%          2
 Beastly Appendage        Tmut           10%        N/A       12%         1
 Wereblood                Tmut           5%         N/A       17%         2
 Apportation              Tloc           2%         N/A       19%         1
 Magic Dart               Conj           4%         1d3       19%         1
 Cigotuvi's Dreadful Rot  Necr/Pois/Air  2%         N/A       26%         2
 Searing Ray              Conj           2%         2d4       26%         2
 Sublimation of Blood     Necr           1%         N/A       26%         2
 Spider Form              Tmut/Pois      3%         N/A       41%         3
 Dazzling Flash           Conj/Hex       2%         N/A       47%         3
 Gell's Gravitas          Tloc           1%         N/A       47%         3
 Teleport Other           Tloc           1%         N/A       47%         3
 Dispel Undead            Necr           1%         3d6       87%         4
 Fulminant Prism          Conj/Hex       0%         3d5       87%         4
 Iskenderun's Mystic Bla  Conj/Tloc      1%         2d3       87%         4
 Alistair's Intoxication  Tmut/Pois      2%         N/A       99%         5
 Death Channel            Necr           0%         N/A       100%        6
 Dispersal                Tloc           0%         N/A       100%        6
 Starburst                Conj/Fire      0%         6d3       100%        6
 Summon Hydra             Summ           0%         N/A       100%        7


Dungeon Overview and Level Annotations

Branches:
Dungeon (5/15)              Sewer (visited)
 Temple: D:4-7

Altars:
Wu Jian

Shops:
D:4 !

Annotations:
D:5 Edmund


Innate Abilities, Weirdness & Mutations

You have sharp claws.
You have razor-sharp teeth.
You have supernaturally acute eyesight. (SInv)
You cover ground quickly. (Speed+)
You are covered in thick fur. (AC +2)
Your paws help you pounce on unaware monsters.
You are incapable of wielding weapons or throwing items.
You cannot wear armour.
You gain extra lives every three experience levels.


Message History

Aim: an iguana (almost dead, 85% to hit)
The blast of sand hits the iguana.
You kill the iguana!
Edmund is nearby!
Edmund is nearby!
Edmund is nearby!
Edmund is nearby!
Edmund is nearby!
Edmund is nearby!
There is an open door here.
Casting: Sandblast (safe; 1% risk of failure)
Confirm with . or Enter, or press ? or * to list all spells.
Aiming: Sandblast (safe; 1% risk of failure)
Press: ? - help, Shift-Dir - straight line, f - Edmund
Aim: Edmund, wielding a +2 dire flail of venom and wearing a +0 ring mail (moderately wounded, 86% to hit)
The blast of sand misses Edmund.
Casting: Sandblast (safe; 1% risk of failure)
Confirm with . or Enter, or press ? or * to list all spells.
Aiming: Sandblast (safe; 1% risk of failure)
Press: ? - help, Shift-Dir - straight line, f/p - Edmund
Aim: Edmund, wielding a +2 dire flail of venom and wearing a +0 ring mail (moderately wounded, 86% to hit)
The blast of sand hits Edmund.
Edmund is moderately wounded.
Casting: Sandblast (safe; 1% risk of failure)
Confirm with . or Enter, or press ? or * to list all spells.
Aiming: Sandblast (safe; 1% risk of failure)
Press: ? - help, Shift-Dir - straight line, f/p - Edmund
Aim: Edmund, wielding a +2 dire flail of venom and wearing a +0 ring mail (moderately wounded, 86% to hit)
The blast of sand hits Edmund!
Edmund is severely wounded.
Edmund hits you with a +2 dire flail of venom!
Ouch! That really hurt!
You are lethally poisoned!
* * * LOW HITPOINT WARNING * * *
You feel very sick.
* * * LOW HITPOINT WARNING * * *
You feel very sick.
* * * LOW HITPOINT WARNING * * *
You feel very sick.
You fade into invisibility!
You die...

#.......# #.#####.# #.# #.#
##########.#####.#
...<..........##.#
#########...#.##.########
#......####......#
##.....#..######.# ##@##....#
#.# #@##.._.# #<# #.##....#
#.# #. ##'####..######.## ##.#
##..†######s.s....# #...###
##.....## #.####..#
#..#.######.......# #.@.....#
#......##.........###..†.##.##
#.......'.........'...>.......


You could see Edmund (unable to see you).

Vanquished Creatures
  A water moccasin (Sewer)
  A black bear (D:4)
  An ice beast (D:5)
  3 phantoms
  Blork the orc (D:5)
  3 scorpions
  A hound (D:5)
  A jelly (D:5)
  A gnoll bouda (D:4)
  Jessica (D:2)
  5 iguanas
  Robin (D:2)
  11 gnolls
  6 adders
  3 worms
  3 dart slugs
  2 orcs
  7 ball pythons
  7 endoplasms
  6 giant cockroaches
  10 hobgoblins
  3 quokkas
  5 bats
  A frilled lizard (D:2)
  11 goblins
  7 kobolds
  7 rats
109 creatures vanquished.

Notes
Turn   | Place    | Note
-------+----------+-------------------------------------------
     0 | D:1      | spardeous the Felid Earth Elementalist began the quest for
                  | the Orb.
     0 | D:1      | Reached XP level 1. HP: 7/7 MP: 4/4
   440 | D:1      | Reached XP level 2. HP: 11/11 MP: 1/6
   905 | D:2      | Noticed Jessica
   946 | D:2      | Killed Jessica
   947 | D:2      | Reached XP level 3. HP: 14/14 MP: 5/7
  1267 | D:2      | Reached XP level 4. HP: 18/18 MP: 5/8
  1435 | D:2      | Found a faded altar of an unknown god.
  1749 | D:2      | Noticed Robin
  1755 | D:2      | Killed Robin
  2269 | D:3      | Reached skill level 5 in Earth Magic
  2307 | D:3      | Reached XP level 5. HP: 11/21 MP: 2/9
  2505 | D:3      | Reached skill level 3 in Dodging
  2981 | D:4      | Slain by a scorpion
  2982 | D:4      | Reached XP level 4. HP: -1/18 MP: 4/8
  3002 | D:4      | Noticed a black bear
  3072 | D:4      | Killed a black bear
  3073 | D:4      | Reached skill level 4 in Dodging
  3073 | D:4      | Reached XP level 5. HP: 13/21 MP: 4/9
  3238 | D:4      | Gained mutation: You are covered in thick fur. (AC +2)
                  | [Felid growth]
  3238 | D:4      | Reached XP level 6. HP: 24/24 MP: 0/10
  3383 | D:4      | Reached skill level 5 in Dodging
  3391 | D:4      | Learned a level 3 spell: Stone Arrow
  3396 | D:4      | Learned a level 4 spell: Petrify
  3634 | D:4      | Identified the ring of Zehi {MP+9 Str+5}
  3701 | D:4      | Found Fosikits's Distillery.
  3740 | D:4      | Reached skill level 6 in Dodging
  3740 | D:4      | Reached XP level 7. HP: 27/27 MP: 11/11
  3983 | D:5      | Entered Level 5 of the Dungeon
  3985 | D:5      | Found a glowing drain.
  4009 | Sewer    | Entered a sewer
  4386 | D:5      | Reached skill level 7 in Dodging
  4883 | D:5      | Noticed Blork the orc
  4886 | D:5      | Noticed Edmund
  4898 | D:5      | Killed Blork the orc
  4919 | D:5      | Succumbed to Edmund's poison
  4920 | D:5      | Reached XP level 6. HP: 0/24 MP: 18/19
  4940 | D:5      | Reached skill level 8 in Dodging
  4940 | D:5      | Reached XP level 7. HP: 27/27 MP: 11/11
  4985 | D:5      | Found an ornate altar of the Wu Jian Council.
  5046 | D:5      | HP: 1/27 [poisoned by Edmund]
  5047 | D:5      | Succumbed to Edmund's poison

Illustrated notes

Levels and vault maps discovered:
D:1:      matt_arrival_spirals, layout_basic, minmay_ruptured
D:2:      layout_loops_cross, serial_co_window_serial, co_window_paths_a,
          co_window_paths_a, co_window_corner_a, co_window_of_opportunity_a,
          co_window_corner_a, co_window_unsneaky_path_c,
          co_window_of_opportunity_b, co_window_broadway_b, co_window_4corner_a,
          co_window_paths_e, glass_columns_a, glass_columns_b, glass_columns_c,
          shapermc_ecumenical_altar_notcrosses, uniq_jessica, uniq_robin
D:3:      layout_rooms
D:4:      layout_gridville, serial_shops, kennysheep_little_box
D:5:      layout_loops_corners, mainiacjoe_overflow_alcove_1,
          cheibrodos_sewer_entry_drain, chequers_serial_rivers_small_3,
          uniq_blork_the_orc, uniq_edmund

Skill      XL: |  1  2  3  4  5  6  7 |
---------------+----------------------+-----
Earth Magic    | 3 4 5 6 7 |  7.8
Dodging        | 4 3 8 7 |  8.3
Stealth        | |  2.6
Spellcasting   | |  2.0
Transmutations | |  1.1

Action                   |  1- 3 |  4- 6 |  7- 9 || total
-------------------------+-------+-------+-------++-------
Melee: Unarmed           |    10 |     3 |       ||    13
 Cast: Sandblast         |    47 |   126 |    46 ||   219
  Use: Scroll            |       |     4 |       ||     4
       Potion            |       |       |     1 ||     1
Armor: Skin              |     4 |     1 |     1 ||     6
Dodge: Dodged            |    31 |    70 |    10 ||   111

Table legend: (Time is in decaauts)
 A = Elapsed time spent in this place.
 B = Non-inter-level travel time spent in this place.
 C = Inter-level travel time spent in this place.
 D = Time resting spent in this place.
 E = Time spent auto-exploring this place.
 F = Levels seen in this place.
 G = Mean time per level.
                   A        B        C        D        E       F      G
               +--------+--------+--------+--------+--------+-----+--------+
         Total |   4493 |   4137 |    356 |     95 |   3136 |   6 |  748.8 |
       Dungeon |   4384 |   4028 |    356 |     95 |   3064 |   5 |  876.8 |
         Sewer |    109 |    109 |      0 |      0 |     72 |   1 |  109.0 |
               +--------+--------+--------+--------+--------+-----+--------+

Top non-repeatable levels by time:
     D:2: 1255 daAuts
     D:4: 1170 daAuts
     D:1: 727 daAuts
     D:5: 620 daAuts
     D:3: 610 daAuts
   Sewer: 109 daAuts
